 Dungeon Crawl Stone Soup version 0.17-a0-1545-gc1bb672 (webtiles) character file.

184 urechis the Conjurer (level 5, -7/28 HPs)
             Began as a Gargoyle Wizard on July 18, 2015.
             Mangled by an orc warrior
             ... wielding a +0 war axe
              (18 damage)
             ... on level 3 of the Dungeon.
             The game lasted 00:08:13 (2818 turns).

urechis the Conjurer (Gargoyle Wizard)              Turns: 2818, Time: 00:08:13

Health: -7/28      AC:  6    Str: 11    XL:     5   Next: 63%
Magic:  1/9        EV: 11    Int: 19    God:
Gold:   156        SH:  0    Dex:  8    Spells: 2 memorised, 6 levels left

rFire  . . .     SeeInvis .     m - +0 short sword
rCold  . . .     Clarity  .     a - +0 robe
rNeg   + . .     SustAt   .     (no shield)
rPois  ∞         Gourm    .     b - +0 hat
rElec  +         Spirit   .     (no cloak)
rCorr  .         Warding  .     (no gloves)
rMut   .         Stasis   .     (no boots)
MR     .....                    (no amulet)
Stlth  ++........               (no ring)
                                (no ring)

@: not resistant to hostile enchantments, unstealthy
A: negative energy resistance 1, electricity resistance, unbreathing,
petrification resistance, rot immunity, AC +4
a: no special abilities


You were on level 3 of the Dungeon.
You were not hungry.

You visited 1 branch of the dungeon, and saw 3 of its levels.

You collected 156 gold pieces.

Inventory:

Hand weapons
 m - a +0 short sword (weapon)
Armour
 a - a +0 robe (worn)
 b - a +0 hat (worn)
Scrolls
 g - 4 scrolls of identify {unknown}
 h - a scroll of fear {unknown}
 i - 3 scrolls of remove curse
Potions
 e - a potion of invisibility {unknown}
 f - a potion of curing
 p - a potion of heal wounds {unknown}
 q - a potion of magic {unknown}
Books
 c - a book of Minor Magic

   Spells                             Type                      Level
   a - Magic Dart                     Conjuration                  1
   b - Blink                          Translocation                2
   c - Call Imp                       Summoning                    2
   d - Repel Missiles                 Charms/Air                   2
   e - Slow                           Hexes                        2
   f - Conjure Flame                  Conjuration/Fire             3
   g - Mephitic Cloud                 Conjuration/Poison/Air       3
Comestibles
 d - 2 bread rations
 j - a royal jelly
 k - 2 beef jerkies
 l - a slice of pizza
 n - 2 meat rations
 o - 6 fruits


   Skills:
 - Level 1.5 Dodging
 - Level 2.1 Stealth
 - Level 3.0 Spellcasting
 + Level 5.9 Conjurations
   Level 0.8 Summonings
   Level 0.8 Translocations


You had 6 spell levels left.
You knew the following spells:

 Your Spells              Type           Power        Failure   Level  Hunger
a - Magic Dart            Conj           ####         1%          1    None
b - Mephitic Cloud        Conj/Pois/Air  ##......     21%         3    ###....


Dungeon Overview and Level Annotations

Branches:
Dungeon (3/15)

Altars:
Cheibriados
Elyvilon


Innate Abilities, Weirdness & Mutations

You are resistant to torment.
Your stone body is resilient (AC +4).
You are immune to poison.
You resist negative energy.
You are resistant to electric shocks.
You can survive without breathing.
You are immune to petrification.
You are immune to rotting.


Message History

The magic dart hits the orc warrior.
The orc warrior is heavily wounded.
The orc warrior closely misses you.
Casting: Magic Dart
Confirm with . or Enter, or press ? or * to list all spells.
Aiming: Magic Dart
Press: ? - help, Shift-Dir - straight line, f/p - orc warrior
Aim: an orc warrior, wielding a war axe and wearing a chain mail (heavily wounded)
The magic dart hits the orc warrior.
The orc warrior is severely wounded.
Casting: Magic Dart
Confirm with . or Enter, or press ? or * to list all spells.
Aiming: Magic Dart
Press: ? - help, Shift-Dir - straight line, f/p - orc warrior
Aim: an orc warrior, wielding a war axe and wearing a chain mail (severely wounded)
The magic dart hits the orc warrior.
The orc warrior is severely wounded.
The orc warrior hits you with a war axe!!
Ouch! That really hurt!
You die...

...........#. .............# #§≈.
..#.......... .............# ###'
..#........## .............# #.
#.'.........( #####.......# #.
.§............ ####.......#####)
#.#)........... #................
.....)......... #............####
#.#..........#.##............#
.≈............oo@.>..........#
#.#)..........###............#
.............................#
#.#.......##.................####
.≈........##.....####..........[.
#.#..............#...............
..........###....#...............
#.#..............................
.≈..)............................


You could see an orc warrior and an orc.

Vanquished Creatures
  2 orc wizards (D:3)
  6 adders
  An ooze (D:1)
  A giant gecko (D:1)
  9 orcs (D:3)
  2 ball pythons
  3 giant cockroaches
  13 goblins
  5 hobgoblins
  3 jackals
  A quokka (D:2)
  6 bats
  3 giant newts
  5 kobolds
  A quokka zombie (D:3)
  5 rats
66 creatures vanquished.

Vanquished Creatures (others)
  A rat (D:3)
1 creature vanquished.

Grand Total: 67 creatures vanquished

Notes
Turn   | Place    | Note
--------------------------------------------------------------
     0 | D:1      | urechis the Gargoyle Wizard began the quest for the Orb.
     0 | D:1      | Reached XP level 1. HP: 10/10 MP: 4/4
   234 | D:1      | Reached XP level 2. HP: 15/15 MP: 1/6
   902 | D:1      | Reached XP level 3. HP: 10/19 MP: 4/7
  1339 | D:2      | Reached skill level 4 in Conjurations
  1423 | D:2      | Reached XP level 4. HP: 20/24 MP: 1/8
  2015 | D:3      | Reached skill level 5 in Conjurations
  2226 | D:3      | Found a white marble altar of Elyvilon.
  2257 | D:3      | Reached XP level 5. HP: 28/28 MP: 3/9
  2665 | D:3      | Found a snail-covered altar of Cheibriados.
  2751 | D:3      | Noticed an orc warrior
  2760 | D:3      | Learned a level 3 spell: Mephitic Cloud
  2818 | D:3      | Mangled by an orc warrior

Vault maps used:
D:1:      minmay_arrival_three_doors
D:3:      lemuel_crystal_altar, elyvilon_altar_4, kennysheep_crisscross,
          small_statue_alley_b, kennysheep_generic_room_12

Action                   |  1- 3 |  4- 6 || total
-------------------------+-------+-------++-------
Melee: Club              |    67 |       ||    67
       Unarmed           |     1 |       ||     1
       Short sword       |       |    13 ||    13
 Cast: Magic Dart        |    67 |    85 ||   152
  Use: Scroll            |       |     1 ||     1
  Eat: Chunk             |     2 |     4 ||     6
